 Dungeon Crawl Stone Soup version 0.31-a0-210-gccc998df9b (webtiles) character file.

Game seed: 4896897047897938335

141 qw the Shooter (level 5, -6/30 HPs)
             Began as a Gargoyle Hexslinger on June 30, 2023.
             Mangled by Grinder (9 damage)
             ... on level 3 of the Dungeon.
             The game lasted 00:01:00 (2286 turns).

qw the Shooter (Gargoyle Hexslinger)                Turns: 2286, Time: 00:01:01

Health: -6/30      AC:  6    Str: 11    XL:     5   Next: 24%
Magic:  6/6        EV: 12    Int: 14    God:
Gold:   28         SH:  0    Dex: 14    Spells: 5/6 levels left

rFire   . . .        Y - +1 sling
rCold   . . .        (no shield)
rNeg    + . .        c - +0 robe
rPois   inf          (no helmet)
rElec   +            (no cloak)
rCorr   .            (no gloves)
SInv    .            (no boots)
Will    .....        (no amulet)
Stlth   +            (no ring)
HPRegen 0.25/turn    (no ring)
MPRegen 0.10/turn

%: no passive effects
@: no status effects
A: sickness immunity, AC +4, negative energy resistance 1, electricity
resistance, torment resistance 1, petrification resistance
a: no special abilities


You were on level 3 of the Dungeon.
You visited 1 branch of the dungeon, and saw 3 of its levels.

You collected 106 gold pieces.
You spent 78 gold pieces at shops.


Innate Abilities, Weirdness & Mutations

You are immune to sickness and miasma.
Your stone body is resilient. (AC +4)
You are immune to poison.
You resist negative energy. (rN+)
You are resistant to electric shocks. (rElec)
You are resistant to unholy torment.
You are immune to petrification.


   Skills:
 + Level 2.1 Fighting
 - Level 5.0 Ranged Weapons
 - Level 1.5 Dodging
 - Level 1.0 Spellcasting
 - Level 2.6 Hexes


You had 5 spell levels left.
You knew the following spells:

 Your Spells              Type           Power      Damage    Failure   Level
a - Slow                  Hex            32%        N/A       9%          1

Your spell library contained the following spells:

 Spells                   Type           Power      Damage    Failure   Level
 Inner Flame              Hex/Fire       4%         N/A       41%         3
 Portal Projectile        Hex/Tloc       8%         N/A       41%         3
 Cause Fear               Hex            4%         N/A       65%         4

Inventory:

Hand Weapons
 Y - a +1 sling (weapon)
Armour
 c - a +0 robe (worn)
 g - a +0 leather armour
Scrolls
 a - a scroll of revelation {unknown}
 i - 5 scrolls of identify
Potions
 b - a potion of magic {unknown}
 d - a potion of haste
 e - 3 potions of heal wounds {unknown}
 f - a potion of resistance {unknown}
 h - a potion of ambrosia {unknown}
 j - 2 potions of degeneration {unknown}

Dungeon Overview and Level Annotations

Branches:
Dungeon (3/15)

Altars:
Dithmenos
The Shining One

Shops:
D:3 ?

Annotations:
D:3 Grinder


Message History

Grinder hits you.
You writhe in agony.
You shoot a sling bullet.
The sling bullet completely misses Grinder.
Grinder closely misses you. Grinder gestures at you.
You resist with significant effort.
You shoot a sling bullet.
The sling bullet completely misses Grinder.
Grinder blinks!
You shoot a sling bullet. The sling bullet hits Grinder.
Grinder is heavily wounded.
You shoot a sling bullet. The sling bullet hits Grinder.
Grinder is heavily wounded.
Grinder blinks!
You start resting.
Grinder is nearby!
You shoot a sling bullet.
The sling bullet closely misses Grinder.
Grinder blinks!
You start resting.
Grinder is nearby!
You shoot a sling bullet.
The sling bullet closely misses Grinder.
Grinder gestures at you.
You barely resist. You shoot a sling bullet.
The sling bullet closely misses Grinder.
Grinder says, "DUCK!"
You shoot a sling bullet. The sling bullet hits Grinder.
Grinder is heavily wounded.
Grinder hits you but does no damage.
You shoot a sling bullet. The sling bullet barely misses Grinder.
Grinder hits you but does no damage.
You shoot a sling bullet. The sling bullet hits Grinder.
Grinder is heavily wounded.
Grinder hits you.
You writhe in agony.
You shoot a sling bullet. The sling bullet hits Grinder.
Grinder is severely wounded.
Grinder hits you!
You die...

.)>.........##.##........#######
...#................####.#
##....#..#####.##...# #.#
#.#.##..###...###..####.#
#.......................#
##.#.##.............#. ...
...#.######.##.#.#.## ..# ##.#.#
#.##.#5#.# #..# #.#.# #..#.#@#
#.#.# #..#.#)# ##.#.#
#....#.....5.# ...#.#
#.##.#######.# ##.#.# #.##.#
##.#.### #.##.# .......# #.##..
.# ...#.#.# #.##.# # .# ...+...#
#.##.###..### ##.####


You could see Grinder.

Vanquished Creatures
  3 gnolls (D:2)
  3 adders
  2 worms (D:2)
  2 dart slugs
  4 ball pythons
  3 bats
  10 endoplasms
  2 giant cockroaches (D:1)
  9 goblins
  8 hobgoblins
  7 jackals
  A frilled lizard (D:3)
  10 kobolds
  4 rats
68 creatures vanquished.

Notes
Turn   | Place    | Note
-------+----------+-------------------------------------------
     0 | D:1      | qw the Gargoyle Hexslinger began the quest for the Orb.
     0 | D:1      | Reached XP level 1. HP: 12/12 MP: 2/2
     0 | D:1      | 0 ||| qw: Version: 0.3-a-24-ga2abf7b
     0 | D:1      | 0 ||| qw: Game counter: 7116
     0 | D:1      | 0 ||| qw: Melee chars always use a shield: true
     0 | D:1      | 0 ||| qw: God list: Okawaru
     0 | D:1      | 0 ||| qw: Allow faded altars: false
     0 | D:1      | 0 ||| qw: Do Orc after clearing Dungeon:15 true
     0 | D:1      | 0 ||| qw: Do second Lair branch before Depths: true
     0 | D:1      | 0 ||| qw: Lair rune preference: random
     0 | D:1      | 0 ||| qw: Goals: Normal
     0 | D:1      | 0 ||| PLANNING D:1-11
    81 | D:1      | 81 ||| FLEEEEING.
   104 | D:1      | HP: 3/12 [frozen (4)]
   105 | D:1      | HP: 1/12 [endoplasm (1)]
   161 | D:1      | Reached XP level 2. HP: 11/16 MP: 3/3
   239 | D:1      | Reached skill level 3 in Ranged Weapons
   280 | D:1      | HP: 4/16 [jackal (1)]
   286 | D:1      | HP: 1/16 [jackal (2)]
   364 | D:1      | Reached XP level 3. HP: 21/21 MP: 4/4
   385 | D:1      | 385 ||| FLEEEEING.
   387 | D:1      | 387 ||| FLEEEEING.
   388 | D:1      | 388 ||| FLEEEEING.
   389 | D:1      | 389 ||| FLEEEEING.
   391 | D:1      | 391 ||| FLEEEEING.
   816 | D:1      | 816 ||| READING scroll labelled FONKYX YNONA.
   817 | D:1      | 817 ||| READING 3 scrolls labelled XIGGISK PETYE.
   818 | D:1      | 818 ||| READING 2 scrolls of identify.
   818 | D:1      | 818 ||| IDENTIFYING sedimented pink potion
   819 | D:1      | 819 ||| DROPPING scroll of poison.
   944 | D:2      | Reached XP level 4. HP: 18/26 MP: 5/5
  1082 | D:2      | Reached skill level 4 in Ranged Weapons
  1132 | D:2      | Found a glowing golden altar of the Shining One.
  1476 | D:2      | Reached XP level 5. HP: 30/30 MP: 6/6
  1632 | D:2      | 1632 ||| READING scroll labelled TEUTIURROA.
  1733 | D:2      | 1733 ||| READING 3 scrolls labelled HURESU NAOCVOE.
  1734 | D:2      | 1734 ||| READING scroll labelled DOULAE JIZIMN.
  1735 | D:2      | 1735 ||| DROPPING 2 scrolls of butterflies.
  1944 | D:3      | Found Siucuav's Magic Scroll Boutique.
  1949 | D:3      | 1949 ||| BUYING 3 scrolls of identify (78 gold).
  1949 | D:3      | Bought 3 scrolls of identify for 78 gold pieces
  1949 | D:3      | 1949 ||| SHOPLISTING scroll of identify (26 gold, have 11).
  2063 | D:3      | Reached skill level 5 in Ranged Weapons
  2097 | D:3      | Found a shadowy altar of Dithmenos.
  2248 | D:3      | Noticed Grinder
  2250 | D:3      | 2250 ||| Stepping ~*~*~tactically~*~*~ (outnumbered).
  2271 | D:3      | HP: 5/30 [Grinder (5)]
  2271 | D:3      | HP: 2/30 [Grinder (3)]
  2285 | D:3      | HP: 4/30 [Grinder (2)]
  2286 | D:3      | Mangled by Grinder

Levels and vault maps discovered:
D:1:      minmay_arrival_widening_spiral_wide, layout_rooms,
          kennysheep_crisscross, minmay_ruptured
D:2:      layout_loops_ring, basic_altar
D:3:      layout_basic, grunt_dithmenos_smoke, serial_shops, shop,
          amcnicky_mini_pool_small, uniq_grinder

Skill      XL: |  1  2  3  4  5 |
---------------+----------------+-----
Ranged Weapons | 3 4 5 |  5.0
Fighting       | 2 |  2.1
Dodging        | |  1.5
Spellcasting   | |  1.0
Hexes          | |  2.6

Action                     |  1- 3 |  4- 6 || total
---------------------------+-------+-------++-------
   Fire: Sling             |   144 |   127 ||   271
    Use: Scroll            |     3 |     3 ||     6
 Armour: Robe              |    38 |    21 ||    59
  Dodge: Dodged            |    93 |    33 ||   126

Table legend:
 A = Non-vault XP
 B = Vault XP
 C = Vault XP percentage of total XP
 D = Non-vault monster count
 E = Vault monster count
 F = Vault count percentage of total count
                 A         B        C        D         E       F
            +---------+---------+-------+---------+---------+-------
      Total |     197 |       5 |   2.5 |      65 |       3 |   4.4
            +---------+---------+-------+---------+---------+-------
        D:1 |      58 |       5 |   7.9 |      32 |       3 |   8.6
        D:2 |     105 |       0 |   0.0 |      19 |       0 |   0.0
        D:3 |      34 |       0 |   0.0 |      14 |       0 |   0.0
            +---------+---------+-------+---------+---------+-------
